 Dungeon Crawl Stone Soup version 0.28.0-45-g0d030f2227 (webtiles) character file.

Game seed: 3580625270012131596

758 Ablot the Grasshopper (level 7, 0/56 HPs)
             Began as a Gnoll Warper on Mar 31, 2022.
             Slain by a lemure (6 damage)
             ... led by Pikel
             ... on level 5 of the Dungeon.
             The game lasted 00:08:17 (6371 turns).

Ablot the Grasshopper (Gnoll Warper)                Turns: 6371, Time: 00:08:17

Health: 0/56       AC:  4    Str: 12    XL:     7   Next: 80%
Magic:  14/15      EV: 13    Int: 12    God:
Gold:   357        SH:  0    Dex: 12    Spells: 14/17 levels left

rFire   . . .      SeeInvis .   k - +2 short sword (drain)
rCold   . . .      Faith    .   (no shield)
rNeg    + . .      Spirit   .   b - +0 leather armour
rPois   .          Reflect  .   (no helmet)
rElec   .          Harm     .   (no cloak)
rCorr   .          Rampage  .   f - +0 pair of gloves
Will    .....                   (no boots)
Stlth   +.........              (no amulet)
HPRegen 0.18/turn               m - ring of positive energy
MPRegen 0.14/turn               (no ring)

@: confused
A: fangs 1, strong nose, distributed training
a: no special abilities


You were on level 5 of the Dungeon.
You visited 1 branch of the dungeon, and saw 8 of its levels.
You also visited: Ossuary.

You collected 357 gold pieces.

Inventory:

Hand Weapons
 a - a +0 spear
 k - a +2 short sword of draining (weapon)
Missiles
 d - 5 boomerangs of dispersal
 e - 81 stones
 l - 27 arrows
 o - 5 javelins (quivered)
 p - 86 sling bullets
 v - 8 poisoned darts
 y - 25 bolts
Armour
 b - a +0 leather armour (worn)
 f - a +0 pair of gloves (worn)
Jewellery
 m - a ring of positive energy (left hand)
Wands
 A - a wand of iceblast (8)
 B - a wand of digging (4)
Scrolls
 c - 5 scrolls of blinking
 i - a scroll of noise {unknown}
 j - a scroll of fear {unknown}
 n - 2 scrolls of fog {unknown}
 t - 4 scrolls of teleportation {unknown}
 u - 6 scrolls of identify {unknown}
 w - a scroll of holy word {unknown}
 z - a scroll of vulnerability {unknown}
 D - a scroll of summoning {unknown}
Potions
 g - 2 potions of flight {unknown}
 h - 2 potions of curing
 q - a potion of lignification {unknown}
 r - 3 potions of attraction {unknown}
 s - 3 potions of haste {unknown}
 x - 2 potions of experience {unknown}
 C - a potion of might {unknown}


   Skills:
 + Level 5.3 Fighting
 + Level 2.7 Short Blades
 + Level 2.7 Long Blades
 + Level 2.7 Axes
 + Level 2.7 Maces & Flails
 + Level 5.3 Polearms
 + Level 2.7 Staves
 + Level 2.7 Slings
 + Level 2.7 Bows
 + Level 2.7 Crossbows
 + Level 3.8 Throwing
 + Level 3.8 Armour
 + Level 5.3 Dodging
 + Level 2.7 Stealth
 + Level 2.7 Shields
 + Level 2.7 Unarmed Combat
 + Level 5.7 Spellcasting
 + Level 2.2 Conjurations
 + Level 2.2 Hexes
 + Level 2.2 Summonings
 + Level 2.2 Necromancy
 + Level 5.9 Translocations
 + Level 2.2 Transmutations
 + Level 2.2 Fire Magic
 + Level 2.2 Ice Magic
 + Level 2.2 Air Magic
 + Level 2.2 Earth Magic
 + Level 2.2 Poison Magic
 + Level 3.0 Invocations
 + Level 2.7 Evocations


You had 14 spell levels left.
You knew the following spells:

 Your Spells              Type           Power      Damage    Failure   Level
a - Blink                 Tloc           34%        N/A       3%          2
b - Slow                  Hex            32%        N/A       10%         1

Your spell library contained the following spells:

 Spells                   Type           Power      Damage    Failure   Level
 Gell's Gravitas          Tloc           17%        N/A       6%          3
 Lesser Beckoning         Tloc           17%        N/A       6%          3
 Teleport Other           Tloc           17%        N/A       6%          3
 Confusing Touch          Hex            8%         N/A       28%         3
 Dazzling Flash           Conj/Hex       16%        N/A       28%         3
 Vampiric Draining        Necr           8%         2d6       28%         3
 Iskenderun's Mystic Bla  Conj/Tloc      13%        2d5       41%         4
 Manifold Assault         Tloc           17%        N/A       50%         5
 Summon Lightning Spire   Summ/Air       8%         N/A       67%         4
 Fireball                 Conj/Fire      4%         3d4       95%         5
 Iskenderun's Battlesphe  Conj           8%         2d6       95%         5
 Conjure Ball Lightning   Conj/Air       4%         3x3d6     100%        6
 Starburst                Conj/Fire      4%         6d3       100%        6
 Orb of Destruction       Conj           4%         9d5       100%        7
 Storm Form               Tmut/Air       4%         N/A       100%        7
 Maxwell's Capacitive Co  Air            4%         ∞         100%        8


Dungeon Overview and Level Annotations

Branches:
Dungeon (8/15)            Ossuary (visited)
 Temple: D:4-7         Lair: D:8-11

Altars:
Trog
Uskayaw
Zin

Annotations:
D:5 4 exclusions, Dowan, Duvessa, Pikel


Innate Abilities, Weirdness & Mutations

You have very sharp teeth.
Your uncanny sense of smell can sniff out nearby items.
Your experience applies equally to all skills.


Message History

You hear a shout!
Pikel barely misses you. The lemure barely misses you.
The lemure closely misses you.
You bump into the rock wall.
Pikel closely misses you. The lemure barely misses you. The lemure hits you!
You bump into the rock wall.
Pikel zaps a wand.
You resist with some effort. The lemure closely misses you.
The lemure hits you but does no damage.
You barely miss Pikel. Your bite misses Pikel.
Pikel hits you with a +0 whip of flaming!
Pikel burns you. The lemure hits you. The lemure hits you!
You hit Pikel but do no damage.
You feel less confused.
Pikel hits you with a +0 whip of flaming.
* * * LOW HITPOINT WARNING * * *
Pikel burns you.
* * * LOW HITPOINT WARNING * * *
The lemure misses you. x2
Casting: Blink (safe; 3% risk of failure)
Confirm with . or Enter, or press ? or * to list all spells.
You don't know that spell.
Casting: Blink (safe; 3% risk of failure)
Confirm with . or Enter, or press ? or * to list all spells.
You blink.
Pikel zaps a wand.
You resist with some effort.
Unknown command.
Pikel zaps a wand.
Your will is overpowered!
You are confused.
You feel stable enough to blink again. The lemure barely misses you.
You bump into the rock wall.
The lemure hits you!
* * * LOW HITPOINT WARNING * * *
You barely miss the lemure. You bite the lemure.
The lemure is lightly wounded.
The lemure barely misses you. x2; The lemure misses you.
The lemure closely misses you.
You hit the lemure. Your bite misses the lemure.
The lemure is lightly wounded.
The lemure hits you.
* * * LOW HITPOINT WARNING * * *
The lemure hits you but does no damage. The lemure hits you.
You die...

∆ #########
###########....5@<#
.....5...##....5K5#....
####.###.##....5..#...
#.# #.##.......#...
###.###.............. ∆
#..>.................
#.#.#######......##.. .
#.#.############.##....
##...)5.5.......†.......


You could see Pikel and 4 lemures.

Vanquished Creatures
  An ice beast (D:3)
  2 elf zombies (Ossuary)
  3 scorpions
  A human zombie (Ossuary)
  2 bullfrog skeletons (D:6)
  An iguana (D:5)
  Ijyb (D:5)
  5 mummies
  6 adders
  An ufetubus (D:4)
  2 adder zombies (Ossuary)
  An adder skeleton (D:4)
  2 worms
  A dart slug (D:1)
  11 orcs
  5 bats
  6 endoplasms
  2 giant cockroaches
  9 goblins
  2 hobgoblins
  3 jackals (D:3)
  3 quokkas
  8 ball pythons
  4 frilled lizards
  2 goblin zombies (Ossuary)
  3 hobgoblin zombies
  2 jackal zombies (Ossuary)
  4 kobolds (D:1)
  2 kobold zombies
  2 orc zombies
  6 rats
103 creatures vanquished.

Vanquished Creatures (others)
  3 plants (D:7)
3 creatures vanquished.

Grand Total: 106 creatures vanquished

Notes
Turn   | Place    | Note
-------+----------+-------------------------------------------
     0 | D:1      | Ablot the Gnoll Warper began the quest for the Orb.
     0 | D:1      | Reached XP level 1. HP: 20/20 MP: 6/6
   115 | D:1      | Found a faded altar of an unknown god.
   130 | D:1      | Reached XP level 2. HP: 21/26 MP: 7/7
   146 | D:1      | Learned a level 2 spell: Blink
   436 | D:1      | Found Rale Lukk's General Store.
   924 | D:2      | Reached XP level 3. HP: 31/31 MP: 9/9
   942 | D:2      | Reached skill level 5 in Spellcasting
   954 | D:2      | Reached skill level 1 in Invocations
  1100 | D:2      | Reached skill level 1 in Short Blades
  1100 | D:2      | Reached skill level 1 in Long Blades
  1100 | D:2      | Reached skill level 1 in Axes
  1100 | D:2      | Reached skill level 1 in Maces & Flails
  1100 | D:2      | Reached skill level 1 in Staves
  1100 | D:2      | Reached skill level 1 in Slings
  1100 | D:2      | Reached skill level 1 in Bows
  1100 | D:2      | Reached skill level 1 in Crossbows
  1100 | D:2      | Reached skill level 1 in Stealth
  1100 | D:2      | Reached skill level 1 in Shields
  1100 | D:2      | Reached skill level 1 in Unarmed Combat
  1100 | D:2      | Reached skill level 1 in Evocations
  1293 | D:2      | Found a bloodstained altar of Trog.
  1388 | D:2      | Reached XP level 4. HP: 27/38 MP: 11/11
  2014 | D:3      | Found a hide-covered altar of Uskayaw.
  2018 | D:3      | Noticed a +0 hand axe
  2019 | D:3      | Noticed a +0 hand axe
  2052 | D:3      | Reached skill level 1 in Conjurations
  2052 | D:3      | Reached skill level 1 in Hexes
  2052 | D:3      | Reached skill level 1 in Summonings
  2052 | D:3      | Reached skill level 1 in Necromancy
  2052 | D:3      | Reached skill level 1 in Transmutations
  2052 | D:3      | Reached skill level 1 in Fire Magic
  2052 | D:3      | Reached skill level 1 in Ice Magic
  2052 | D:3      | Reached skill level 1 in Air Magic
  2052 | D:3      | Reached skill level 1 in Earth Magic
  2052 | D:3      | Reached skill level 1 in Poison Magic
  2333 | D:3      | Reached XP level 5. HP: 33/43 MP: 12/12
  2855 | D:3      | Found a glowing silver altar of Zin.
  2989 | D:4      | Noticed an ice beast
  2995 | D:3      | Killed an ice beast
  3202 | D:4      | Reached XP level 6. HP: 46/50 MP: 13/13
  3242 | D:4      | Found a sand-covered staircase.
  3250 | Ossuary  | Entered an ossuary
  3352 | Ossuary  | Reached skill level 5 in Fighting
  3352 | Ossuary  | Reached skill level 5 in Polearms
  3352 | Ossuary  | Reached skill level 5 in Dodging
  3724 | Ossuary  | Reached XP level 7. HP: 56/56 MP: 15/15
  3959 | D:4      | Learned a level 1 spell: Slow
  5051 | D:5      | Entered Level 5 of the Dungeon
  5078 | D:5      | Noticed Dowan
  5129 | D:5      | Noticed Ijyb
  5135 | D:5      | Killed Ijyb
  5547 | D:5      | You fall into a shaft and drop 3 floors!
  5826 | D:6      | HP: 2/56 [bullfrog skeleton (5)]
  6159 | D:5      | Noticed Duvessa
  6353 | D:5      | Noticed Pikel
  6371 | D:5      | Slain by a lemure

Illustrated notes

Levels and vault maps discovered:
D:1:      ebering_hopf_link, layout_basic, ebering_ecumenical_altar_box,
          serial_shops, shop_fountains, due_unseen_surprise
D:2:      layout_basic, basic_altar
D:3:      layout_basic, zin_treasury, dancing_weapons_uskayaw,
          hangedman_abyss_or_decor_lesser_grid
D:4:      layout_layer_cave, enter_ossuary_2, minmay_mini_ossuary
D:5:      layout_basic, uniq_pikel, uniq_crazy_yiuf_cottage, uniq_ijyb,
          uniq_duvessa
D:6:      nicolae_cairo_tiling_large_dashed, layout_basic,
          minmay_misc_feat_diagonals
D:7:      layout_loops_cross, temple_statues, minmay_shattered_shrine
D:8:      layout_loops_ring, serial_shops, shop

Skill      XL: |  1  2  3  4  5  6  7 |
---------------+----------------------+-----
Spellcasting   | 5 |  5.7
Invocations    | 1 2 3 |  3.0
Short Blades   | 1 2 |  2.7
Long Blades    | 1 2 |  2.7
Axes           | 1 2 |  2.7
Maces & Flails | 1 2 |  2.7
Staves         | 1 2 |  2.7
Slings         | 1 2 |  2.7
Bows           | 1 2 |  2.7
Crossbows      | 1 2 |  2.7
Stealth        | 1 2 |  2.7
Shields        | 1 2 |  2.7
Unarmed Combat | 1 2 |  2.7
Evocations     | 1 2 |  2.7
Conjurations   | 1 2 |  2.2
Hexes          | 1 2 |  2.2
Summonings     | 1 2 |  2.2
Necromancy     | 1 2 |  2.2
Transmutations | 1 2 |  2.2
Fire Magic     | 1 2 |  2.2
Ice Magic      | 1 2 |  2.2
Air Magic      | 1 2 |  2.2
Earth Magic    | 1 2 |  2.2
Poison Magic   | 1 2 |  2.2
Throwing       | 3 |  3.8
Armour         | 3 |  3.8
Fighting       | 5 |  5.3
Polearms       | 5 |  5.3
Dodging        | 5 |  5.3
Translocations | |  5.9

Action                   |  1- 3 |  4- 6 |  7- 9 || total
-------------------------+-------+-------+-------++-------
Melee: Spear             |    57 |   165 |    41 ||   263
       Bite              |     7 |    24 |     8 ||    39
       Short sword       |    47 |    81 |    54 ||   182
       Punch             |       |     6 |     5 ||    11
Throw: Javelin           |       |     4 |       ||     4
 Cast: Blink             |       |     1 |     1 ||     2
  Use: Potion            |       |     3 |     1 ||     4
 Stab: Sleeping          |     1 |     3 |     2 ||     6
Armor: Leather armour    |    28 |    34 |    10 ||    72
Dodge: Dodged            |    62 |   107 |    67 ||   236
